 Dungeon Crawl Stone Soup version 0.31.0-32-g396128a36d (webtiles) character file.

Game seed: 15974692037919318832

24896 Alphaeus the Grappler (level 12, -20/183 HPs)
             Began as a Troll Shapeshifter on Mar 19, 2024.
             Was an Initiate of Gozag.
             Demolished by a skeletal warrior
             ... wielding a +1 heavy mace
              (21 damage)
             ... on level 11 of the Dungeon.
             The game lasted 00:22:03 (10396 turns).

Alphaeus the Grappler (Troll Shapeshifter)         Turns: 10396, Time: 00:22:03

Health: -20/183    AC:  5    Str: 41    XL:     12   Next: 84%
Magic:  11/11      EV: 14    Int: 12    God:    Gozag
Gold:   1691       SH:  0    Dex:  4    Spells: 11/11 levels left

rFire   . .          .
                       - Unarmed
rCold   . . .        (no shield)
rNeg    . . .        a - +1 animal skin
rPois   .            (helmet currently unavailable)
rElec   .            (cloak currently unavailable)
rCorr   .            (gloves unavailable)
SInv    .            (boots unavailable)
Will    .....        (no amulet) Stlth
                     m - ring of Jempaem {EV+5 Str+6 Int+6 Dex-5}
HPRegen 1.30/turn    s - +6 ring of strength
MPRegen 0.12/turn

%: no passive effects
@: berserking (expiring), beast-form, gold aura, very quick
A: beast (slay +4), large, unfitting armour, claws 3, regeneration 1, shaggy fur
1, tough skin 1
a: Begin Untransformation, Renounce Religion, Potion Petition, Call Merchant,
Bribe Branch


You were on level 11 of the Dungeon.
You worshipped Gozag.
Gozag was most pleased with you.
You were a hulking beast.
You visited 2 branches of the dungeon, and saw 12 of its levels.
You also visited: Sewer and Bailey.

You collected 4274 gold pieces.
You spent 1038 gold pieces at shops.
You paid 1545 gold pieces to Gozag.

Inventory:

Missiles
 f - 6 throwing nets (quivered)
 H - 8 large rocks
Armour
 a - a +1 animal skin (worn)
 e - an orb of energy
Jewellery
 m - the ring of Jempaem (left claw) {EV+5 Str+6 Int+6 Dex-5}
   (You bought it in a shop on level 9 of the Dungeon)

   [ring of evasion]

   EV+5:      It affects your evasion (+5).
   Str+6:     It affects your strength (+6).
   Int+6:     It affects your intelligence (+6).
   Dex-5:     It affects your dexterity (-5).
 s - a +6 ring of strength (right claw)
 x - a +6 ring of intelligence
Talismans
 c - a beast talisman
 d - a flux talisman
Wands
 b - a wand of flame (22)
 u - a wand of light (4)
 y - a wand of paralysis (6)
 B - a wand of roots (28)
 E - a wand of mindburst (43)
Scrolls
 i - 2 scrolls of noise
 j - a scroll of torment
 l - 2 scrolls of poison
 n - 3 scrolls of teleportation
 o - 2 scrolls of vulnerability
 p - a scroll of enchant armour
 v - a scroll of revelation
 A - 2 scrolls of identify
 D - a scroll of enchant weapon {unknown}
Potions
 g - 3 potions of attraction
 h - 2 potions of brilliance
 k - 3 potions of degeneration
 q - a potion of might
 r - 3 potions of haste
 t - 4 potions of mutation
 w - a potion of ambrosia
 z - 6 potions of cancellation
 C - a potion of enlightenment {unknown}


   Skills:
 + Level 8.3 Fighting
 - Level 1.5 Dodging
 * Level 14.2 Unarmed Combat
 * Level 13.1 Shapeshifting


You had 11 spell levels left.
You didn't know any spells.
Your spell library contained the following spells:

 Spells                   Type           Power      Damage    Failure   Level
 Sandblast                Erth           0%         2d4       32%         1
 Slow                     Hex            0%         N/A       32%         1
 Cigotuvi's Dreadful Rot  Necr/Alch/Air  0%         N/A       45%         2
 Ensorcelled Hibernation  Hex/Ice        0%         N/A       45%         2
 Confusing Touch          Hex            0%         N/A       69%         3
 Fugue of the Fallen      Necr           0%         N/A       69%         3
 Passwall                 Erth           0%         N/A       69%         3
 Sigil of Binding         Hex            0%         N/A       69%         3
 Stone Arrow              Conj/Erth      0%         3d7       69%         3
 Vampiric Draining        Necr           0%         2d6       69%         3
 Anguish                  Hex/Necr       0%         N/A       97%         4
 Animate Armour           Summ/Erth      0%         N/A       97%         4
 Brom's Barrelling Bould  Conj/Erth      0%         2d3       97%         4
 Yara's Violent Unravell  Hex/Alch       0%         3d3       100%        5
 Sculpt Simulacrum        Ice/Alch       0%         N/A       100%        6
 Ozocubu's Refrigeration  Ice            0%         4d7       100%        7
 Lehudib's Crystal Spear  Conj/Erth      0%         10d2      100%        8
 Chain Lightning          Conj/Air       0%         N/A       100%        9
 Fire Storm               Conj/Fire      0%         5d1       100%        9
 Polar Vortex             Ice            0%         N/A       100%        9
 Shatter                  Erth           0%         3d5*      100%        9


Dungeon Overview and Level Annotations

Branches:
Dungeon (11/15)            Temple (1/1) D:5            Lair (0/5) D:9
    Orc (0/2) D:11          Sewer (visited)          Bailey (visited)

Altars:
Ashenzari
Cheibriados
Dithmenos
Elyvilon
Fedhas
Gozag
Hepliaklqana
Kikubaaqudgha
Makhleb
Nemelex Xobeh
Okawaru
Qazlal
Ru
Sif Muna
Trog
Uskayaw
Vehumet
Wu Jian
Xom
Yredelemnul
Zin
The Shining One

Shops:
D:9 =

Portals:
Abyss: D:3

Annotations:
D:3 2 transporters, TerraPolaris's ghost, amateur MiFi


Innate Abilities, Weirdness & Mutations

You are a hulking beast.
Your limbs bulge with bestial killing power. (Slay +4)
You are too large for most types of armour.
You have claws for hands.
Your natural rate of healing is unusually fast.
You are covered in fur. (AC +1)
You have tough skin. (AC +1)


Message History

The skeletal warrior barely misses you.
The skeletal warrior hits you with a +1 heavy mace!
You scratch the skeletal warrior but do no damage.
The skeletal warrior is almost destroyed.
The skeletal warrior hits you with a +0 halberd!
You closely miss the skeletal warrior.
The skeletal warrior is almost destroyed.
The skeletal warrior misses you.
You mangle the skeletal warrior!!
You destroy the skeletal warrior!
You scratch the skeletal warrior but do no damage.
You claw the skeletal warrior!
The skeletal warrior is moderately damaged.
You scratch the skeletal warrior. Your claw misses the skeletal warrior.
The skeletal warrior is moderately damaged.
The yak gores you!
The skeletal warrior hits you with a +1 heavy mace!!
You claw the skeletal warrior!
The skeletal warrior is heavily damaged.
You claw the yak!
The yak is heavily wounded.
The yak gores you!
* * * LOW HITPOINT WARNING * * *
You eviscerate the yak!!!
You kill the yak!
The skeletal warrior hits you with a +1 heavy mace!
* * * LOW HITPOINT WARNING * * *
The skeletal warrior hits you with a +0 mace!!
* * * LOW HITPOINT WARNING * * *
Things that are here:
28 gold pieces; a +0 halberd; the +4 robe of Starshine {Dex+4} You scratch the skeletal warrior.
The skeletal warrior is heavily damaged.
You claw the skeletal warrior!
The skeletal warrior is severely damaged.
The skeletal warrior hits you with a +0 mace!
* * * LOW HITPOINT WARNING * * *
The skeletal warrior hits you with a +1 heavy mace!!
You die...
Your body crumbles into a pile of gold.

#####.................# #....
......................#######....
......................)..........
.........###########'#######.....
.........# #.............#).#..
.........# ###...........###.###
.........# #.#...........# #..#.
.........# ##.##z).......##.##...
.........# #...'hz.......'.. ##..
.........###..)##.......##.. ##.
..........'.)...####'#### .. #.
.........##....###.....# #.
.#########.....# #.....# #. ...#
##....## ##...## ## ##.# #.....#
'...# #.######....## .##.##
#....##.....# .. #.#


You could see 2 skeletal warriors.

Vanquished Creatures
  A fire giant (D:11)
  2 vault guards (Bailey)
  A death knight (D:11)
  7 two-headed ogres
  2 boulder beetles
  Nergalle (D:10)
  Lodul (D:11)
  A skeletal warrior (D:11)
  A deep elf pyromancer (D:11)
  A manticore (D:11)
  4 cyclopes
  An elephant (D:9)
  Jeremiah (D:6)
  A kobold demonologist (D:7)
  An unseen horror (D:11)
  A troll (D:11)
  Prince Ribbit (Bailey)
  Sigmund (D:2)
  11 yaks
  A wyvern (D:11)
  Eustachio (D:4)
  5 wraiths
  A basilisk (D:9)
  8 humans (Bailey)
  3 steam dragons
  6 vampire mosquitoes
  Menkaure (D:5)
  Edmund (D:6)
  A water moccasin (D:7)
  2 acid dragons
  A black bear (D:9)
  Pargi (D:3)
  Duvessa (D:4)
  4 sky beasts
  7 orc warriors
  11 ogres
  A crocodile (Sewer)
  2 centaurs
  A brain worm (Sewer)
  5 kobold brigands
  11 bullfrogs
  A gnoll sergeant (D:8)
  5 scorpions
  Dowan (D:4)
  9 killer bees
  A howler monkey (D:8)
  2 jellies
  2 quasits (D:7)
  3 gnoll boudas
  10 orc priests
  2 hounds
  Terence (D:2)
  12 orc wizards
  An iguana (D:4)
  2 sleepcaps
  19 gnolls
  7 adders
  8 shadow imps
  2 white imps
  6 ufetubi
  3 ribbon worms
  A dart slug (D:4)
  36 orcs
  12 bats
  8 endoplasms
  4 giant cockroaches
  8 goblins
  10 hobgoblins
  7 jackals
  3 quokkas
  3 ball pythons (D:1)
  13 frilled lizards
  19 kobolds
  7 rats
343 creatures vanquished.

Notes
Turn   | Place    | Note
-------+----------+-------------------------------------------
     0 | D:1      | Alphaeus the Troll Shapeshifter began the quest for the
                  | Orb.
     0 | D:1      | Reached XP level 1. HP: 18/18 MP: 0/0
   219 | D:1      | Reached skill level 1 in Fighting
   233 | D:1      | Reached XP level 2. HP: 27/27 MP: 1/1
  1073 | D:2      | Noticed Sigmund
  1084 | D:2      | Killed Sigmund
  1085 | D:2      | Reached skill level 4 in Unarmed Combat
  1085 | D:2      | Reached XP level 3. HP: 34/35 MP: 2/2
  1085 | D:2      | Reached XP level 4. HP: 41/42 MP: 3/3
  1085 | D:2      | Reached XP level 5. HP: 48/49 MP: 4/4
  1133 | D:2      | Noticed Terence
  1143 | D:2      | Killed Terence
  1533 | D:3      | Found a transporter.
  1553 | D:3      | Found a transporter.
  1599 | D:3      | Reached XP level 6. HP: 57/57 MP: 5/5
  1742 | D:3      | Found a one-way gate to the infinite horrors of the Abyss.
  1742 | D:3      | Noticed TerraPolaris's ghost (amateur MiFi)
  1786 | D:3      | Found a burning altar of Makhleb.
  1978 | D:3      | Noticed Pargi
  1987 | D:3      | Killed Pargi
  1988 | D:3      | Reached skill level 5 in Unarmed Combat
  2171 | D:4      | Reached skill level 5 in Shapeshifting
  2198 | D:4      | You fall into a shaft and drop 1 floor!
  2198 | D:5      | Entered Level 5 of the Dungeon
  2225 | D:4      | Reached XP level 7. HP: 28/66 MP: 6/6
  2570 | D:4      | Noticed Duvessa
  2579 | D:4      | Killed Duvessa
  2621 | D:4      | Noticed Dowan
  2626 | D:4      | Reached skill level 6 in Unarmed Combat
  2637 | D:4      | Killed Dowan
  2775 | D:4      | Noticed Eustachio
  2782 | D:4      | Killed Eustachio
  2904 | D:4      | Found a glowing silver altar of Zin.
  2977 | D:5      | Reached XP level 8. HP: 75/75 MP: 7/7
  2987 | D:5      | Noticed Menkaure
  3009 | D:5      | Killed Menkaure
  3021 | D:5      | Reached skill level 7 in Unarmed Combat
  3234 | D:5      | Found a staircase to the Ecumenical Temple.
  3279 | Temple   | Entered the Ecumenical Temple
  3288 | Temple   | Became a worshipper of Gozag Ym Sagoz the Greedy
  3542 | D:5      | Found a snail-covered altar of Cheibriados.
  3928 | D:6      | Found a glowing drain.
  3932 | Sewer    | Entered a sewer
  4318 | D:6      | Reached skill level 8 in Unarmed Combat
  4382 | D:6      | Reached XP level 9. HP: 84/84 MP: 8/8
  4442 | D:6      | Noticed Edmund
  4447 | D:6      | Killed Edmund
  4547 | D:6      | Noticed Jeremiah
  4809 | D:6      | Killed Jeremiah
  5027 | D:7      | Reached skill level 9 in Unarmed Combat
  5138 | D:7      | Found a flagged portal.
  5147 | Bailey   | Entered a bailey
  5155 | Bailey   | Reached skill level 5 in Fighting
  5252 | Bailey   | Reached XP level 10. HP: 28/96 MP: 9/9
  5354 | Bailey   | Noticed a vault guard
  5354 | Bailey   | Noticed Prince Ribbit
  5363 | Bailey   | Killed a vault guard
  5364 | Bailey   | Reached skill level 10 in Unarmed Combat
  5366 | Bailey   | Killed Prince Ribbit
  5418 | Bailey   | Noticed a vault guard
  5429 | Bailey   | Killed a vault guard
  5808 | D:7      | Reached skill level 10 in Shapeshifting
  6087 | D:7      | Noticed a boulder beetle
  6092 | D:7      | Reached skill level 11 in Unarmed Combat
  6101 | D:7      | Killed a boulder beetle
  6108 | D:7      | Reached XP level 11. HP: 13/106 MP: 10/10
  6298 | D:7      | HP: 5/107 [poisoned by a killer bee]
  6876 | D:8      | Noticed a two-headed ogre
  6885 | D:8      | Killed a two-headed ogre
  7798 | D:8      | Reached skill level 12 in Unarmed Combat
  8111 | D:9      | Found a staircase to the Lair.
  8288 | D:9      | Got the Quarto of Hermetica and Geology
  8540 | D:9      | Identified a scroll of acquirement
  8542 | D:9      | Acquired 1243 gold pieces
  8545 | D:9      | Bought the ring of Jempaem {EV+5 Str+6 Int+6 Dex-5} for
                  | 1038 gold pieces
  8562 | D:10     | Entered Level 10 of the Dungeon
  8601 | D:10     | Found a hazy altar of Hepliaklqana.
  8626 | D:10     | Noticed a two-headed ogre
  8635 | D:10     | Killed a two-headed ogre
  8804 | D:10     | Found a broken altar of Ashenzari.
  8808 | D:10     | Found a sparkling altar of Nemelex Xobeh.
  8812 | D:10     | Found a glowing golden altar of the Shining One.
  8881 | D:10     | Noticed a two-headed ogre
  8888 | D:10     | Killed a two-headed ogre
  9174 | D:10     | Noticed a two-headed ogre
  9186 | D:10     | Killed a two-headed ogre
  9187 | D:10     | Noticed Nergalle
  9197 | D:10     | Killed Nergalle
  9234 | D:10     | Reached XP level 12. HP: 101/115 MP: 11/11
  9416 | D:11     | Noticed a two-headed ogre
  9419 | D:11     | Killed a two-headed ogre
  9485 | D:11     | Found Hiloupnie's Antique Weapon Emporium.
  9496 | D:11     | Identified the +8 falchion of Autumn {drain, rElec}
  9506 | D:11     | Noticed a two-headed ogre
  9509 | D:11     | Killed a two-headed ogre
  9510 | D:11     | Reached skill level 13 in Unarmed Combat
  9685 | D:11     | Noticed a boulder beetle
  9686 | D:11     | Noticed a two-headed ogre
  9707 | D:11     | Killed a two-headed ogre
  9717 | D:11     | Killed a boulder beetle
  9818 | D:11     | Noticed a fire giant
  9828 | D:11     | Killed a fire giant
  9884 | D:11     | Noticed a death knight
  9896 | D:11     | Killed a death knight
 10150 | D:11     | Noticed Lodul
 10161 | D:11     | Killed Lodul
 10162 | D:11     | Reached skill level 14 in Unarmed Combat
 10247 | D:11     | Found a staircase to the Orcish Mines.
 10380 | D:11     | Identified the +4 robe of Starshine {Dex+4}
 10396 | D:11     | HP: 1/183 [skeletal warrior/+0 mace (13)]
 10396 | D:11     | Demolished by a skeletal warrior

Illustrated notes

Levels and vault maps discovered:
D:1:      dpeg_arrival_rooms_b, layout_basic, serial_corexii_hall,
          chequers_hall_statues_wall_a, corexii_hall_statues_s,
          chequers_hall_statues_corner_a
D:2:      layout_rooms, st_stairs_14, uniq_sigmund, uniq_terence
D:3:      layout_rooms, mainiacjoe_overflow_alcove_2,
          gammafunk_ghost_abyssal_escape, amethyst_killhole,
          minmay_starry_boxes, uniq_pargi
D:4:      layout_loops_ring, overflow_temple_1_default, minmay_crystal_water,
          minmay_lizard_king, uniq_eustachio, uniq_duvessa
D:5:      layout_basic, cheibrodos_worm_habitat,
          minmay_temple_entry_drinking_statues, uniq_menkaure
D:6:      layout_gridville, gup_sewer_entry_spiral, minmay_unpleasant_kobolds,
          uniq_edmund, uniq_jeremiah
D:7:      minmay_blocky_corners, layout_loops_cross, serial_demonic,
          serial_demonic_f, serial_demonic_e, serial_demonic_e,
          serial_demonic_a, serial_demonic_c, enter_bailey_8
D:8:      layout_basic
D:9:      layout_rooms, david_lair_generic, david_defended_altar_orc
D:10:     layout_big_octagon, mainiacjoe_overflow_six_doors_small,
          grunt_temple_overflow_diamond, uniq_nergalle
D:11:     nicolae_hexawheel, layout_basic, orc_0_dummy, serial_shops, shop,
          grunt_ministairs_2, uniq_lodul
Temple:   hellmonk_temple_two_chambers

Skill      XL: |  1  2  3  4  5  6  7  8  9 10 11 12 |
---------------+-------------------------------------+-----
Fighting       | 1 2 3 4 5 6 7 8 |  8.3
Unarmed Combat | 4 5 6 8 9 11 12 14 | 14.2
Shapeshifting  | 4 5 6 7 9 10 11 13 | 13.1
Dodging        | |  1.5

Action                     |  1- 3 |  4- 6 |  7- 9 | 10-12 || total
---------------------------+-------+-------+-------+-------++-------
  Melee: Unarmed           |    52 |    86 |   321 |   456 ||   915
         Punch             |     1 |     6 |     9 |    32 ||    48
 Invoke: Potion Petition   |       |       |       |     1 ||     1
         Call Merchant     |       |       |       |     1 ||     1
  Evoke: Wand              |       |       |       |     3 ||     3
    Use: Scroll            |       |       |    10 |    12 ||    22
         Potion            |       |       |     4 |     7 ||    11
   Stab: Sleeping          |     1 |     1 |       |       ||     2
         Paralysed         |       |       |       |     2 ||     2
         Distracted        |       |       |       |     1 ||     1
 Armour: Animal skin       |    31 |    43 |   252 |   416 ||   742
         Skin              |       |       |   140 |     5 ||   145
  Dodge: Dodged            |    24 |    40 |   140 |   214 ||   418
